 Dungeon Crawl Stone Soup version 0.24-a0-789-g35933f4585 (webtiles) character file.

Game seed: 7287749280768974208, levelgen mode: deterministic

31 Holzbalken the Bolt Thrower (level 3, -1/21 HPs)
             Began as a Kobold Hunter on Oct 10, 2019.
             Slain by a goblin (4 damage)
             ... on level 2 of the Dungeon.
             The game lasted 00:03:07 (1102 turns).

Holzbalken the Bolt Thrower (Kobold Hunter)         Turns: 1102, Time: 00:03:08

Health: -1/21      AC:  3    Str:  9    XL:     3   Next: 40%
Magic:  3/3        EV: 14    Int: 12    God:
Gold:   150        SH:  0    Dex: 16    Spells: 2/2 levels left

rFire    . . .     SeeInvis .   a - +1 hand crossbow
rCold    . . .     Gourm    .   (shield restricted)
rNeg     . . .     Faith    .   c - +0 leather armour
rPois    .         Spirit   .   (no helmet)
rElec    .         Reflect  .   (no cloak)
rCorr    .         Harm     .   (no gloves)
MR       .....                  (no boots)
Stlth    ++........             (no amulet)
HPRegen  0.07/turn              (no ring)
MPRegen  0.08/turn              (no ring)

@: no status effects
A: small, carnivore
a: no special abilities


You were on level 2 of the Dungeon.
You were completely stuffed.

You visited 1 branch of the dungeon, and saw 2 of its levels.

You collected 150 gold pieces.

Inventory:

Hand Weapons
 a - a +1 hand crossbow (weapon)
 b - a +0 short sword
Missiles
 d - 17 bolts (quivered)
Armour
 c - a +0 leather armour (worn)
Scrolls
 g - a scroll of teleportation {unknown}
 i - a scroll of remove curse {unknown}
Potions
 f - a potion of brilliance {unknown}
Comestibles
 e - 2 rations {!d}
 h - 6 chunks of flesh


   Skills:
 - Level 2.1 Fighting
 * Level 6.1 Crossbows
 - Level 2.4 Dodging
 - Level 1.3 Stealth


You had 2 spell levels left.
You didn't know any spells.
Your spell library was empty.

Dungeon Overview and Level Annotations

Branches:
Dungeon (2/15)

Altars:


Innate Abilities, Weirdness & Mutations

You are small and have problems with some larger weapons.
You are carnivorous and can eat meat at any time.


Message History

The rat bites you but does no damage. The goblin hits you.
The goblin hits you but does no damage. The rat barely misses you.
The goblin closely misses you. The rat bites you but does no damage.
The rat bites you. The rat barely misses you. The goblin barely misses you.
The rat misses you. The rat closely misses you. The rat barely misses you.
The goblin misses you. The rat closely misses you.
The rat twitches its whiskers.
The rat barely misses you. The rat bites you. The goblin closely misses you.
The rat misses you. The rat completely misses you. The rat bites you.
The goblin closely misses you. The rat closely misses you.
The rat barely misses you. The rat misses you. The goblin closely misses you.
The rat misses you. x2
The rat closely misses you. The goblin barely misses you. The rat misses you.
The rat barely misses you. The rat bites you but does no damage.
The goblin barely misses you. The rat barely misses you.
The rat closely misses you. x2
The goblin hits you. The rat bites you but does no damage.
The rat barely misses you. The rat closely misses you. The goblin misses you.
The rat bites you. x3
* * * LOW HITPOINT WARNING * * *
The goblin closely misses you. The rat misses you. x2
The rat closely misses you. The goblin hits you but does no damage.
The rat bites you but does no damage. The rat closely misses you.
The rat misses you. The goblin barely misses you.
The rat bites you but does no damage. The rat misses you.
The rat barely misses you. The goblin hits you.
* * * LOW HITPOINT WARNING * * *
The rat misses you. The rat barely misses you. The rat misses you.
The goblin closely misses you. The rat bites you but does no damage.
The rat closely misses you. x2
The goblin hits you.
* * * LOW HITPOINT WARNING * * *
The rat bites you.
* * * LOW HITPOINT WARNING * * *
The rat misses you. x2
The goblin barely misses you. The rat closely misses you.
The rat twitches its whiskers.
The rat completely misses you. The rat misses you.
The goblin closely misses you. The rat barely misses you. The rat bites you.
* * * LOW HITPOINT WARNING * * *
The rat bites you.
* * * LOW HITPOINT WARNING * * *
The goblin closely misses you. The rat barely misses you.
The rat closely misses you. The rat barely misses you. The goblin hits you.
You die...

#. #.. ##..###
.<.#..
#.#.#####.#
.####........#
......r@.#
(#####grr###
#.......###
#.........#
##.......#.#
##.)....### #
# ##.......#
#.#......(##
#.........#


You could see a goblin and 3 rats.

Vanquished Creatures
  A gnoll (D:1)
  4 dart slugs (D:1)
  A leopard gecko (D:1)
  3 hobgoblins (D:1)
  A ball python (D:1)
  A bat (D:1)
  A goblin (D:1)
  2 rats (D:1)
14 creatures vanquished.

Notes
Turn   | Place    | Note
-------+----------+-------------------------------------------
     0 | D:1      | Holzbalken the Kobold Hunter began the quest for the Orb.
     0 | D:1      | Reached XP level 1. HP: 12/12 MP: 1/1
    60 | D:1      | Reached skill level 5 in Crossbows
   181 | D:1      | Reached XP level 2. HP: 13/17 MP: 2/2
   639 | D:1      | Reached XP level 3. HP: 21/21 MP: 3/3
   832 | D:1      | Reached skill level 6 in Crossbows
  1102 | D:2      | Slain by a goblin

Levels and vault maps discovered:
D:1:      nagdon_arrival_zigzag_paths, layout_basic, minmay_3d_cube
D:2:      layout_loops_ring

Skill      XL: |  1  2  3 |
---------------+----------+-----
Crossbows      | 5 6 |  6.1
Fighting       | |  2.1
Dodging        | |  2.4
Stealth        | |  1.3

Action                   || total
-------------------------++-------
Melee: Short sword       ||    14
 Fire: Hand crossbow     ||    30
  Eat: Chunk             ||     9
Armor: Leather armour    ||    11
Dodge: Dodged            ||    69

Table legend:
 A = Non-vault XP
 B = Vault XP
 C = Vault XP percentage of total XP
 D = Non-vault monster count
 E = Vault monster count
 F = Vault count percentage of total count
                 A         B        C        D         E       F
            +---------+---------+-------+---------+---------+-------
      Total |      36 |       9 |  20.0 |      11 |       3 |  21.4
            +---------+---------+-------+---------+---------+-------
        D:1 |      36 |       9 |  20.0 |      11 |       3 |  21.4
            +---------+---------+-------+---------+---------+-------
